 Dungeon Crawl Stone Soup version 0.29.1-15-g9cfb28693d (webtiles) character file.

Game seed: 7873365575557357664

99 GigaChad the Chopper (level 4, 0/37 HPs)
             Began as a Minotaur Gladiator on Mar 16, 2023.
             Was an Initiate of Okawaru.
             Slain by Crazy Yiuf
             ... wielding a +2 quarterstaff of chaos
              (11 damage)
             ... on level 2 of the Dungeon.
             The game lasted 00:02:01 (2612 turns).

GigaChad the Chopper (Minotaur Gladiator)           Turns: 2612, Time: 00:02:01

Health: 0/37       AC:  3    Str: 20    XL:     4   Next: 45%
Magic:  3/3        EV: 12    Int:  5    God:    Okawaru [......]
Gold:   120        SH:  0    Dex: 12    Spells: 3/3 levels left

rFire   . . .      SeeInvis .   a - +0 war axe
rCold   . . .      Faith    .   (no shield)
rNeg    . . .      Spirit   .   b - +0 leather armour
rPois   .          Reflect  .   c - +0 hat
rElec   .          Harm     .   (no cloak)
rCorr   .          Rampage  .   (no gloves)
Will    .....                   (no boots)
Stlth   +.........              (no amulet)
HPRegen 0.12/turn               (no ring)
MPRegen 0.08/turn               (no ring)

@: slowed, very slow
A: horns 2, retaliatory headbutt
a: Renounce Religion


You were on level 2 of the Dungeon.
You worshipped Okawaru.
Okawaru was noncommittal.
You visited 1 branch of the dungeon, and saw 2 of its levels.

You collected 120 gold pieces.

Inventory:

Hand Weapons
 a - a +0 war axe (weapon)
Missiles
 d - 4 throwing nets (quivered)
 e - 3 javelins
Armour
 b - a +0 leather armour (worn)
 c - a +0 hat (worn)
Jewellery
 l - a ring of magical power
Scrolls
 h - a scroll of noise {unknown}
 i - 2 scrolls of enchant armour {unknown}
 k - 4 scrolls of identify {unknown}
 p - a scroll of acquirement {unknown}
Potions
 f - 2 potions of curing {unknown}
 g - 2 potions of haste {unknown}
 j - a potion of flight {unknown}
 m - a potion of might {unknown}
 n - a potion of brilliance {unknown}
 o - 2 potions of attraction {unknown}


   Skills:
 + Level 2.9 Fighting
 + Level 5.1 Axes
 + Level 2.0 Throwing
 + Level 1.7 Armour
 + Level 3.9 Dodging
 + Level 0.2 Stealth


You had 3 spell levels left.
You didn't know any spells.
Your spell library contained the following spells:

 Spells                   Type           Power      Damage    Failure   Level
 Dazzling Flash           Conj/Hex       0%         N/A       88%         3
 Agony                    Necr           0%         N/A       100%        5
 Silence                  Hex/Air        0%         N/A       100%        5


Dungeon Overview and Level Annotations

Branches:
Dungeon (2/15)

Altars:
Okawaru

Annotations:
D:2 Crazy Yiuf


Innate Abilities, Weirdness & Mutations

You have a pair of horns on your head.
You reflexively headbutt those who attack you in melee.


Message History

You kill the goblin!
Okawaru accepts your kill.
Things that are here:
a +0 club; a goblin corpse
Found a stone staircase leading up.
No target in view!
There is a stone staircase leading up here.
An endoplasm comes into view.
Found 6 gold pieces.
An endoplasm is nearby!
An endoplasm is nearby!
You hit the endoplasm. You headbutt the endoplasm.
You kill the endoplasm!
Okawaru accepts your kill.
No target in view!
You now have 120 gold pieces (gained 6).
p - a scroll labelled GYNLOUR FEAWURGH Key pressed, stopping explore.
Found a ring mail.
No target in view!
You see here a +0 ring mail.
As you open the door, it creaks loudly!
There is an open door here.
You see here a +2 mace of holy wrath.
There is a stone staircase leading up here.
Key pressed, stopping explore.
Found a hammer.
Found a runed translucent door.
No reachable target in view!
You open the door.
Crazy Yiuf shouts!
There is an open translucent door here.
You closely miss Crazy Yiuf.
Crazy Yiuf hits you with a +2 quarterstaff of chaos!
You feel yourself slow down.
Crazy Yiuf hits you with a +2 quarterstaff of chaos!
* * * LOW HITPOINT WARNING * * *
You closely miss Crazy Yiuf. Crazy Yiuf misses you. You furiously retaliate!
You headbutt Crazy Yiuf, but do no damage.
Crazy Yiuf hits you with a +2 quarterstaff of chaos!
You die...

.##.#+#.............####..._....(
.......########.#................
..)....# #.#.#######......#.
.......# ##### #......#.#.
.......# #.##.#...#.
....)..##♣♣♣♣♣ #.##.###...
...........♣.♣♣♣ #### #........#.
............♣..♣#...# #..........
#####......♣♣♣♣.@g..# #.....##.#.
#####.....♣♣ ♣♣#..)# ##.#..##.#.
......###♣♣ #### ##.#..##.#.
######## #..#..##.## # #..#
####..##.# # #..### #######
###.....##.## # #....# #.....#
#.........<.. ## #.####
#..##########>..##### .# #.#
#....................


You could see Crazy Yiuf.

Vanquished Creatures
  3 gnolls (D:2)
  2 adders (D:2)
  2 dart slugs (D:2)
  5 bats
  5 endoplasms
  A giant cockroach (D:1)
  5 goblins
  3 hobgoblins (D:1)
  8 jackals
  5 kobolds
  A quokka (D:2)
  3 ball pythons (D:1)
  4 rats
47 creatures vanquished.

Notes
Turn   | Place    | Note
-------+----------+-------------------------------------------
     0 | D:1      | GigaChad the Minotaur Gladiator began the quest for the
                  | Orb.
     0 | D:1      | Reached XP level 1. HP: 18/18 MP: 0/0
   154 | D:1      | Reached skill level 4 in Axes
   336 | D:1      | Reached XP level 2. HP: 25/25 MP: 1/1
   630 | D:1      | Found a faded altar of an unknown god.
   982 | D:2      | Reached XP level 3. HP: 30/30 MP: 2/2
   988 | D:2      | Found an iron altar of Okawaru.
  1005 | D:2      | Became a worshipper of Warmaster Okawaru
  1075 | D:2      | Reached skill level 1 in Armour
  1756 | D:2      | Reached skill level 5 in Axes
  1756 | D:2      | Reached XP level 4. HP: 37/37 MP: 3/3
  2605 | D:2      | Found a runed translucent door.
  2606 | D:2      | Noticed Crazy Yiuf
  2612 | D:2      | Slain by Crazy Yiuf

Illustrated notes

Levels and vault maps discovered:
D:1:      mrwooster_arrival_statue_3, layout_loops_ring,
          shapermc_ecumenical_altar_pompeii
D:2:      layout_basic, basic_altar, uniq_crazy_yiuf_cottage

Skill      XL: |  1  2  3 |
---------------+----------+-----
Axes           | 4 5 |  5.1
Armour         | 1 |  1.7
Fighting       | |  2.9
Throwing       | |  2.0
Dodging        | |  3.9
Stealth        | |  0.2

Action                   |  1- 3 |  4- 6 || total
-------------------------+-------+-------++-------
Melee: War axe           |    79 |    19 ||    98
       Headbutt          |     8 |     4 ||    12
       Punch             |     1 |       ||     1
Armor: Leather armour    |    27 |     3 ||    30
Dodge: Dodged            |    68 |    12 ||    80
